 Dungeon Crawl Stone Soup version 0.27.1-3-gb3d3a73c9e (webtiles) character file.

Game seed: 8342051832677342615

163 styxcanada the Covert (level 5, 0/26 HPs)
             Began as a Spriggan Brigand on Oct 19, 2021.
             Succumbed to an adder's poison
             ... on level 3 of the Dungeon.
             The game lasted 00:11:58 (3442 turns).

styxcanada the Covert (Spriggan Brigand)            Turns: 3442, Time: 00:11:58

Health: 0/26       AC:  5    Str:  7    XL:     5   Next: 20%
Magic:  6/6        EV: 18    Int: 13    God:
Gold:   101        SH:  0    Dex: 17    Spells: 4/4 levels left

rFire    . . .     SeeInvis +   a - +3 dagger
rCold    . . .     Faith    .   (shield restricted)
rNeg     . . .     Spirit   .   b - +0 robe
rPois    .         Reflect  .   (helmet restricted)
rElec    .         Harm     .   l - +2 cloak {Will+}
rCorr    .         Rampage  .   (gloves unavailable)
Will     ++...                  (boots unavailable)
Stlth    ++++......             (no amulet)
HPRegen  0.08/turn              k - ring of willpower
MPRegen  0.10/turn              (no ring)

@: lethally poisoned (0 -> -4), very slightly contaminated, invisible, very
quick
A: very small, no large weapons, unfitting armour, see invisible, speed 3
a: no special abilities


You were on level 3 of the Dungeon.
You visited 1 branch of the dungeon, and saw 3 of its levels.

You collected 101 gold pieces.

Inventory:

Hand Weapons
 a - a +3 dagger (weapon)
 d - a +2 quarterstaff of chaos
Missiles
 g - 65 stones (quivered)
 o - 11 sling bullets
Armour
 b - a +0 robe (worn)
 l - a +2 cloak of willpower (worn)
Jewellery
 k - a ring of willpower (left hand)
 m - an amulet of magic regeneration
Scrolls
 p - 3 scrolls of enchant weapon
 q - a scroll of magic mapping {unknown}
Potions
 f - 2 potions of resistance
 i - a potion of curing {unknown}
 j - a potion of flight {unknown}
 n - a potion of might {unknown}


   Skills:
 * Level 2.1 Fighting
 + Level 2.8 Short Blades
 + Level 2.3 Throwing
 * Level 3.3 Dodging
 * Level 8.1 Stealth


You had 4 spell levels left.
You didn't know any spells.
Your spell library was empty.

Dungeon Overview and Level Annotations

Branches:
Dungeon (3/15)

Altars:

Shops:
D:1 [   D:2 (


Innate Abilities, Weirdness & Mutations

You are very small and have problems with some larger weapons.
You are too small for most types of armour.
You have supernaturally acute eyesight. (SInv)
You cover ground extremely quickly. (Speed+++)


Message History

The adder is severely wounded.
The adder bites you.
* * * LOW HITPOINT WARNING * * *
You are poisoned.
The adder poisons you!
You barely miss the adder.
The adder is severely wounded.
You feel sick. The adder closely misses you.
You barely miss the adder.
The adder is severely wounded.
You feel sick. The adder barely misses you.
You closely miss the adder.
The adder is severely wounded.
You feel sick. The adder misses you. The adder barely misses you.
You barely miss the adder.
The adder is heavily wounded.
You feel sick.
You are no longer poisoned.
The adder misses you.
You closely miss the adder.
The adder is heavily wounded.
The adder misses you.
You barely miss the adder.
The adder is heavily wounded.
The adder barely misses you.
You barely miss the adder.
The adder is heavily wounded.
The adder bites you.
* * * LOW HITPOINT WARNING * * *
You are lethally poisoned!
The adder poisons you!
It was a potion of invisibility.
You fade into invisibility!
* * * LOW HITPOINT WARNING * * *
You feel sick. The adder closely misses you.
You are very lightly contaminated with residual magic.
You catch the helpless adder completely off-guard!
You impale the adder!!
You kill the adder!
You die...

#......### #.##....#
#......### #. #..#.# .
#........# .. ...#..# ..
####(###....#.#######......
#g# ###5.... ###... #.#
##.# . #.# ... #(######.#
#......@.# #.######## #.#
###


There were no monsters in sight!

Vanquished Creatures
  Crazy Yiuf (D:3)
  A bullfrog skeleton (D:3)
  Robin (D:3)
  5 adders
  An ufetubus (D:3)
  A dart slug (D:2)
  3 bats (D:2)
  3 endoplasms
  2 giant cockroaches
  8 goblins
  5 hobgoblins
  2 quokkas (D:2)
  10 ball pythons
  3 frilled lizards
  5 kobolds
  5 rats
56 creatures vanquished.

Notes
Turn   | Place    | Note
-------+----------+-------------------------------------------
     0 | D:1      | styxcanada the Spriggan Brigand began the quest for the
                  | Orb.
     0 | D:1      | Reached XP level 1. HP: 10/10 MP: 2/2
    87 | D:1      | Reached skill level 6 in Stealth
   476 | D:1      | Found a faded altar of an unknown god.
   484 | D:1      | Reached XP level 2. HP: 14/14 MP: 3/3
   925 | D:1      | Found Imuen's Antique Armour Emporium.
  1164 | D:2      | Reached skill level 7 in Stealth
  1164 | D:2      | Reached XP level 3. HP: 8/18 MP: 4/4
  1681 | D:2      | Found Cotokh's Weapon Emporium.
  2326 | D:2      | Reached XP level 4. HP: 14/23 MP: 5/5
  2773 | D:3      | Reached skill level 8 in Stealth
  2910 | D:3      | Found a runed translucent door.
  2911 | D:3      | Noticed Crazy Yiuf
  2947 | D:3      | Killed Crazy Yiuf
  2948 | D:3      | Reached XP level 5. HP: 26/26 MP: 6/6
  3370 | D:3      | Noticed Robin
  3426 | D:3      | Killed Robin
  3441 | D:3      | HP: 1/26 [poisoned by an adder]
  3442 | D:3      | Succumbed to an adder's poison

Illustrated notes

Levels and vault maps discovered:
D:1:      sevenhm_arrival_forest_fort_large_2, layout_loops_corners,
          shapermc_ecumenical_altar_pompeii, serial_shops,
          nicolae_lakefront_shop
D:2:      layout_basic, serial_shops, nicolae_shop_stone
D:3:      layout_rooms, serial_park_tiny_pond, uniq_robin,
          uniq_crazy_yiuf_cottage

Skill      XL: |  1  2  3  4 |
---------------+-------------+-----
Stealth        | 6 7 8 |  8.1
Dodging        | 2 3 |  3.3
Fighting       | 2 |  2.1
Short Blades   | |  2.8
Throwing       | |  2.3

Action                   |  1- 3 |  4- 6 || total
-------------------------+-------+-------++-------
Melee: Dagger            |   117 |    70 ||   187
Throw: Dart              |    13 |    24 ||    37
  Use: Scroll            |     3 |     4 ||     7
       Potion            |       |     1 ||     1
 Stab: Sleeping          |    12 |     1 ||    13
       Invisible         |       |     1 ||     1
Armor: Robe              |    17 |    13 ||    30
Dodge: Dodged            |    84 |    62 ||   146
